 Dungeon Crawl Stone Soup version 0.18.1-48-g4cf74bf (webtiles) character file.

427 CountDeLaPain the Conjurer (level 6, -2/47 HPs)
             Began as a Draconian Conjurer on Aug 20, 2016.
             Killed from afar by CountDeLaPain's ghost (12 damage)
             ... with a spray of energy
             ... on level 4 of the Dungeon.
             The game lasted 00:13:27 (4491 turns).

CountDeLaPain the Conjurer (Draconian Conjurer)     Turns: 4491, Time: 00:13:28

Health: -2/47      AC:  6    Str: 11    XL:     6   Next: 65%
Magic:  4/11       EV: 13    Int: 17    God:
Gold:   227        SH:  0    Dex: 11    Spells: 3 memorised, 4 levels left

rFire  . . .     SeeInvis .     e - +1 club
rCold  . . .     Gourm    .     (armour unavailable)
rNeg   . . .     Faith    .     (no shield)
rPois  .         Spirit   .     (helmet restricted)
rElec  .         Dismiss  .     (no cloak)
rCorr  .         Reflect  .     (no gloves)
SustAt .         Harm     .     (no boots)
MR     .....                    (no amulet)
Stlth  +.........               (no ring)
                                (no ring)

@: confused, not resistant to hostile enchantments, very unstealthy
A: unfitting armour, cold-blooded, AC +6
a: no special abilities


You were on level 4 of the Dungeon.
You were not hungry.

You visited 1 branch of the dungeon, and saw 5 of its levels.

You collected 227 gold pieces.

Inventory:

Hand Weapons
 e - a +1 club (weapon)
Jewellery
 x - an uncursed ring of stealth {unknown}
 y - a cursed ring of loudness {unknown}
 A - an uncursed amulet of regeneration {unknown}
Wands
 w - a wand of flame (25/48)
Scrolls
 d - a scroll of identify
 f - a scroll of noise
 g - a scroll of fog {unknown}
 j - 2 scrolls of remove curse
 n - a scroll of recharging
 o - 2 scrolls of enchant armour {unknown}
 p - a scroll of immolation {unknown}
Potions
 c - 2 potions of ambrosia {unknown}
 h - a potion of brilliance {unknown}
 i - a potion of curing
 k - a potion of mutation {unknown}
 l - 2 potions of magic {unknown}
 m - 2 potions of cure mutation {unknown}
 u - a potion of cancellation {unknown}
 v - a potion of agility {unknown}
Books
 a - a book of Conjurations

   Spells                             Type                      Level
   a - Magic Dart                     Conjuration                  1
   b - Searing Ray                    Conjuration                  2
   c - Dazzling Spray                 Conjuration/Hexes            3
   d - Fulminant Prism                Conjuration/Hexes            4
   e - Iskenderun's Mystic Blast      Conjuration                  4
   f - Iskenderun's Battlesphere      Conjuration/Charms           5
 s - a Necronomicon

   Spells                             Type                      Level
   a - Haunt                          Necromancy/Summoning         7
   b - Borgnjor's Revivification      Necromancy                   8
   c - Death's Door                   Charms/Necromancy            8
   d - Necromutation                  Transmutation/Necromancy     8
 z - a book of Death

   Spells                             Type                      Level
   a - Corpse Rot                     Necromancy                   2
   b - Sublimation of Blood           Necromancy                   2
   c - Agony                          Necromancy                   5
   d - Dispel Undead                  Necromancy                   5
   e - Excruciating Wounds            Charms/Necromancy            5
   f - Bolt of Draining               Conjuration/Necromancy       5
Comestibles
 b - 4 bread rations
 q - 3 fruits
 r - a slice of pizza
 t - a meat ration


   Skills:
 + Level 1.2 Fighting
 + Level 0.6 Maces & Flails
 + Level 3.4 Dodging
 + Level 2.2 Stealth
 + Level 3.9 Spellcasting
 + Level 5.7 Conjurations


You had 4 spell levels left.
You knew the following spells:

 Your Spells              Type           Power        Failure   Level  Hunger
a - Magic Dart            Conj           ###.         1%          1    None
b - Dazzling Spray        Conj/Hex       ##....       17%         3    ###....
c - Iskenderun's Mystic   Conj           ###.....     17%         4    ####...


Dungeon Overview and Level Annotations

Branches:
Dungeon (5/15)
 Temple: D:4-7

Altars:

Annotations:
D:4 CountDeLaPain's ghost, amateur DrCj


Innate Abilities, Weirdness & Mutations

Your plain brown scales are hard (AC +6).
Your body does not fit into most forms of armour.
You are cold-blooded and may be slowed by cold attacks.


Message History

Drink which item? (? for menu, Esc to quit)
You feel better.
CountDeLaPain's ghost gestures at you while chanting.
The magic dart hits you!
* * * LOW HITPOINT WARNING * * *
You close the door.
CountDeLaPain's ghost opens the door.
CountDeLaPain's ghost points at you and mumbles some strange words.
The magic dart hits you!
* * * LOW HITPOINT WARNING * * *
Read which item? (? for menu, Esc to quit)
As you read the scroll labeled EDWI POFEUHUA, it crumbles to dust.
You feel blessed for a moment.
It was a scroll of remove curse.
CountDeLaPain's ghost gestures at you while chanting.
The spray of energy hits you!
* * * LOW HITPOINT WARNING * * *
You are confused.
You bump into the rock wall.
CountDeLaPain's ghost casts a spell at you.
The spray of energy hits you!
You die...

#..).....#
#.#.............
#........#
#.#.............
##......##
#.#.########'### #......#
#.#..### ##...## #......#
#.#....###.....# #......#
#.#....##......) #......#
#.#.....#.......
#....[.####W##....#.......
#......'.@..##....##.....#
#......####.####..###...##
+.....## #.#####.# #####
###.#.# #.......# #.#.#
######### #.#.# #.#.#
#.#.# #.#


You could see CountDeLaPain's ghost.

Vanquished Creatures
  A phantom (D:4)
  A howler monkey (D:4)
  A centaur skeleton (D:3)
  Natasha (D:4)
  A worker ant (D:3)
  A hound skeleton (D:5)
  6 adders
  4 gnolls
  A howler monkey skeleton (D:4)
  2 oozes
  2 adder skeletons (D:4)
  2 worms (D:2)
  2 dart slugs (D:2)
  A giant gecko (D:4)
  An orc (D:3)
  5 bats
  5 giant cockroaches
  16 goblins
  9 hobgoblins
  4 jackals
  12 kobolds
  2 quokkas
  A ball python (D:3)
  4 giant newts
  7 rats
92 creatures vanquished.

Notes
Turn   | Place    | Note
--------------------------------------------------------------
     0 | D:1      | CountDeLaPain the Draconian Conjurer began the quest for the Orb.
     0 | D:1      | Reached XP level 1. HP: 14/14 MP: 3/3
   131 | D:1      | Reached XP level 2. HP: 20/20 MP: 1/5
  1209 | D:2      | Reached XP level 3. HP: 26/26 MP: 3/6
  1777 | D:2      | Reached skill level 5 in Conjurations
  1883 | D:2      | Reached XP level 4. HP: 33/33 MP: 2/7
  2154 | D:3      | Learned a level 3 spell: Dazzling Spray
  2479 | D:3      | Reached XP level 5. HP: 23/38 MP: 6/9
  3152 | D:3      | Learned a level 4 spell: Iskenderun's Mystic Blast
  3559 | D:4      | Noticed CountDeLaPain's ghost (amateur DrCj)
  3667 | D:4      | Reached XP level 6. HP: 38/46 MP: 3/11
  4089 | D:4      | Noticed Natasha
  4096 | D:4      | Killed Natasha
  4096 | D:4      | Reached skill level 1 in Fighting
  4182 | D:5      | Entered Level 5 of the Dungeon
  4438 | D:5      | Noticed an ice beast
  4491 | D:4      | Killed from afar by CountDeLaPain's ghost

Skill      XL: |  1  2  3  4  5  6 |
---------------+-------------------+-----
Dodging        | 2 3 |  3.4
Conjurations   | 5 |  5.7
Stealth        | 2 |  2.2
Spellcasting   | 3 |  3.9
Fighting       | 1 |  1.2
Maces & Flails | |  0.6

Action                   |  1- 3 |  4- 6 || total
-------------------------+-------+-------++-------
Melee: Unarmed           |     8 |       ||     8
       Tailslap          |     5 |     2 ||     7
       Club              |    25 |    40 ||    65
 Cast: Magic Dart        |    79 |   169 ||   248
  Use: Scroll            |     2 |     4 ||     6
       Potion            |       |     1 ||     1
  Eat: Chunk             |     4 |     8 ||    12
Armor: Skin              |    12 |    43 ||    55
Dodge: Dodged            |    37 |    66 ||   103
